 Dungeon Crawl Stone Soup version 0.30-a0-924-g0ad0bf95bc (webtiles) character file.

Game seed: 11206805273452317431

73 cforsyth the Cudgeller (level 4, -2/35 HPs)
             Began as a Human Fighter on Mar 22, 2023.
             Slain by Grinder (4 damage)
             ... on level 3 of the Dungeon.
             The game lasted 00:01:54 (1733 turns).

cforsyth the Cudgeller (Human Fighter)              Turns: 1733, Time: 00:01:55

Health: -2/35      AC:  6    Str: 18    XL:     4   Next: 51%
Magic:  4/4        EV:  9    Int:  9    God:
Gold:   113        SH:  4    Dex: 12    Spells: 3/3 levels left

rFire   . . .      SeeInvis .    a - +0 flail
rCold   . . .      Faith    .    c - +0 buckler
rNeg    . . .      Spirit   .    b - +0 scale mail
rPois   .          Reflect  .    (no helmet)
rElec   .          Rampage  .    (no cloak)
rCorr   .                        (no gloves)
Will    .....                    (no boots) Stlth
                                 (no amulet)
HPRegen 0.25/turn                (no ring)
MPRegen 0.09/turn                (no ring)

@: no status effects
A: no striking features
a: no special abilities


You were on level 3 of the Dungeon.
You visited 1 branch of the dungeon, and saw 3 of its levels.

You collected 113 gold pieces.

Inventory:

Hand Weapons
 a - a +0 flail (weapon)
Missiles
 o - 2 throwing nets (quivered)
Armour
 b - a +0 scale mail (worn)
 c - a +0 buckler (worn)
Jewellery
 r - a ring of poison resistance
Scrolls
 g - 2 scrolls of teleportation {unknown}
 k - 2 scrolls of enchant weapon {unknown}
 l - 4 scrolls of identify {unknown}
 p - a scroll of enchant armour {unknown}
 q - a scroll of vulnerability {unknown}
Potions
 d - a potion of might
 e - 3 potions of heal wounds {unknown}
 f - 2 potions of berserk rage {unknown}
 h - a potion of flight {unknown}
 i - 2 potions of degeneration {unknown}
 j - a potion of mutation {unknown}
 m - a potion of curing {unknown}
 n - a potion of cancellation {unknown}


   Skills:
 - Level 3.0 Fighting
 + Level 4.3 Maces & Flails
 - Level 3.0 Armour
 - Level 3.0 Shields


You had 3 spell levels left.
You didn't know any spells.
Your spell library contained the following spells:

 Spells                   Type           Power      Damage    Failure   Level
 Sandblast                Erth           0%         2d4       86%         1
 Passwall                 Tmut/Erth      0%         N/A       94%         2
 Stone Arrow              Conj/Erth      0%         3d7       99%         3


Dungeon Overview and Level Annotations

Branches:
Dungeon (3/15)

Altars:
Sif Muna

Shops:
D:1 ?

Annotations:
D:3 Grinder


Message History

A kobold comes into view. It is wielding a +0 short sword.
You can move again.
Unknown command.
Unknown command.
Unknown command.
You hit Grinder.
Grinder is lightly wounded.
Grinder hits you but does no damage.
You hit Grinder.
Grinder is lightly wounded.
Grinder hits you!
You writhe in agony.
Grinder gestures at you.
You shrug off the repeated paralysis!
You hit Grinder.
Grinder is lightly wounded.
A kobold comes into view. It is wielding a +0 whip.
Grinder gestures at you.
You shrug off the repeated paralysis!
You hit Grinder.
Grinder is lightly wounded.
Grinder barely misses you.
Unknown command.
You closely miss Grinder.
Grinder is lightly wounded.
Grinder hits you!
You writhe in agony.
A ball python comes into view.
The ball python hisses angrily.
You hit Grinder but do no damage.
Grinder is lightly wounded.
You hear a shout!
Grinder hits you!
* * * LOW HITPOINT WARNING * * *
You writhe in agony.
* * * LOW HITPOINT WARNING * * *
An orc comes into view. It is wielding a +0 flail.
Grinder says, "Don't move a muscle."
Grinder hits you.
* * * LOW HITPOINT WARNING * * *
You writhe in agony.
You die...

........##.# ###....
..#####.##.## ##.#.#
#<#.#.## ...#.##.
###..###.####........##
.......## ##.....#...##. #
######..###.#######.###.##
#.#.#.## ........ #.##.##
#..... #.##@# ###.....
#.##5# ....._..
#..KKK.....# ###....)
#..#...###.# ###.....
.....##.# ........ #.## .
S# .###.### # #. o# #. #
.# # # # # #


You could see Grinder, an orc, a ball python and 3 kobolds.

Vanquished Creatures
  2 adders (D:2)
  2 worms
  An orc (D:3)
  5 bats
  An endoplasm (D:1)
  A giant cockroach (D:1)
  6 goblins
  5 hobgoblins
  4 jackals (D:2)
  4 kobolds
  A quokka (D:2)
  6 ball pythons
  A frilled lizard (D:2)
  5 rats
44 creatures vanquished.

Notes
Turn   | Place    | Note
-------+----------+-------------------------------------------
     0 | D:1      | cforsyth the Human Fighter began the quest for the Orb.
     0 | D:1      | Reached XP level 1. HP: 18/18 MP: 1/1
   197 | D:1      | Reached XP level 2. HP: 24/24 MP: 2/2
   225 | D:1      | Found Moiloi's Magic Scroll Shop.
   748 | D:1      | Reached skill level 3 in Maces & Flails
   777 | D:2      | Found a faded altar of an unknown god.
   805 | D:2      | Reached XP level 3. HP: 24/29 MP: 3/3
  1176 | D:2      | Reached XP level 4. HP: 35/35 MP: 4/4
  1282 | D:2      | Reached skill level 4 in Maces & Flails
  1609 | D:3      | Found a shimmering blue altar of Sif Muna.
  1724 | D:3      | Noticed Grinder
  1725 | D:3      | Paralysed by Grinder for 2 turns
  1733 | D:3      | Slain by Grinder

Illustrated notes

Levels and vault maps discovered:
D:1:      dpeg_arrival_lava_temple_mockup, layout_loops_ring, serial_shops, shop
D:2:      layout_loops_ring, hellmonk_ecumenical_altar_leap_of_faith
D:3:      layout_loops_ring, elyvilon_altar_4, trog_book,
          overflow_temple_1_default, grunt_ministairs_5, nrook_mini_vaults,
          minmay_vboxes, uniq_grinder

Skill      XL: |  1  2  3  4 |
---------------+-------------+-----
Maces & Flails | 3 4 |  4.3
Fighting       | |  3.0
Armour         | |  3.0
Shields        | |  3.0

Action                     |  1- 3 |  4- 6 || total
---------------------------+-------+-------++-------
  Melee: Flail             |    95 |    42 ||   137
 Armour: Scale mail        |    50 |    17 ||    67
  Dodge: Dodged            |    55 |    12 ||    67
  Block: Buckler           |    22 |     9 ||    31

Table legend: (Time is in decaauts)
 A = Elapsed time spent in this place.
 B = Non-inter-level travel time spent in this place.
 C = Inter-level travel time spent in this place.
 D = Time resting spent in this place.
 E = Time spent auto-exploring this place.
 F = Levels seen in this place.
 G = Mean time per level.
                   A        B        C        D        E       F      G
               +--------+--------+--------+--------+--------+-----+--------+
         Total |   1771 |   1716 |     55 |      0 |   1404 |   3 |  590.3 |
       Dungeon |   1771 |   1716 |     55 |      0 |   1404 |   3 |  590.3 |
               +--------+--------+--------+--------+--------+-----+--------+

Top non-repeatable levels by time:
     D:2: 799 daAuts
     D:1: 789 daAuts
     D:3: 182 daAuts
